 Dungeon Crawl Stone Soup version 0.20-a0-754-g13ddd6e (webtiles) character file.

146 nubinia the Stinger (level 5, 0/36 HPs)
             Began as a Merfolk Venom Mage on Feb 25, 2017.
             Slain by an orc wizard
             ... wielding a +4 dagger
              (7 damage)
             ... on level 3 of the Dungeon.
             The game lasted 00:17:08 (3460 turns).

nubinia the Stinger (Merfolk Venom Mage)            Turns: 3460, Time: 00:17:10

Health: 0/36       AC:  2    Str:  9    XL:     5   Next: 28%
Magic:  0/9        EV: 13    Int: 15    God:
Gold:   130        SH:  0    Dex: 14    Spells: 4/10 levels left

rFire    + . .     SeeInvis .   j - +1 spear
rCold    . . .     Gourm    .   a - +0 robe
rNeg     . . .     Faith    .   (no shield)
rPois    .         Spirit   .   k - +1 helmet
rElec    .         Reflect  .   l - +0 cloak
rCorr    .         Harm     .   (no gloves)
MR       .....                  (no boots)
Stlth    ++........             (no amulet)
Regen    0.2/turn               r - ring of protection from fire
MPRegen  0.2/turn               i - -3 ring of protection (curse)

@: no status effects
A: change form in water, swift swim, stealthy swim
a: no special abilities


You were on level 3 of the Dungeon.
You were not hungry.

You visited 1 branch of the dungeon, and saw 3 of its levels.

You collected 130 gold pieces.

Inventory:

Hand Weapons
 j - a +1 spear (weapon)
Armour
 a - a +0 robe (worn)
 f - a +2 hat
 k - a +1 helmet (worn)
 l - a +0 cloak (worn)
Jewellery
 i - a cursed -3 ring of protection (left hand)
 p - an uncursed ring of protection from magic
 r - a ring of protection from fire (right hand)
Wands
 q - a wand of flame (18/48)
Scrolls
 n - 2 scrolls of teleportation
Potions
 e - a potion of heal wounds
 g - a potion of resistance
 m - a potion of magic
 o - 2 potions of curing
 s - a potion of agility {unknown}
Books
 b - a Young Poisoner's Handbook

   Spells                             Type                      Level
   a - Sting                          Conjuration/Poison           1
   b - Poisonous Vapours              Poison/Air                   2
   c - Mephitic Cloud                 Conjuration/Poison/Air       3
   d - Olgreb's Toxic Radiance        Poison                       4
   e - Venom Bolt                     Conjuration/Poison           5
Comestibles
 c - 3 bread rations
 d - 2 meat rations
 h - a chunk of flesh


   Skills:
 + Level 0.9 Fighting
 + Level 1.5 Polearms
 + Level 3.2 Dodging
 + Level 2.3 Stealth
 + Level 0.2 Unarmed Combat
 + Level 3.1 Spellcasting
 + Level 1.4 Conjurations
 + Level 0.7 Air Magic
 + Level 4.2 Poison Magic


You had 4 spell levels left.
You knew the following spells:

 Your Spells              Type           Power        Failure   Level  Hunger
a - Sting                 Conj/Pois      ##..         8%          1    #......
b - Poisonous Vapours     Pois/Air       #.....       12%         2    ##.....
c - Mephitic Cloud        Conj/Pois/Air  #.......     30%         3    ###....


Dungeon Overview and Level Annotations

Branches:
Dungeon (3/15)

Altars:
Fedhas
Makhleb
Trog
Uskayaw
Wu Jian
Zin

Annotations:
D:2 exclusion: oklob plant


Message History

You kill the orc!
Something hits you. x2
* * * LOW HITPOINT WARNING * * *
Unknown command.
Unknown command.
Unknown command.
Casting: Sting
Confirm with . or Enter, or press ? or * to list all spells.
You can't see any susceptible monsters within range! (Use Z to cast anyway.)
Casting: Sting
Confirm with . or Enter, or press ? or * to list all spells.
Aiming: Sting
Press: ? - help, Shift-Dir - straight line The sting hits something.
Casting: Sting
Confirm with . or Enter, or press ? or * to list all spells.
Aiming: Sting
Press: ? - help, Shift-Dir - straight line Something hits you!
You die...

.##...........#...........(#
.############..........#####
.# ######.##.## .. #.##.# .
###.##.# #......# #.#.####
#.#.# #@#.# #{#.# #)#)#
#.#.. #.### ... #.# ###


There were no monsters in sight!

Vanquished Creatures
  Robin (D:1)
  3 adders
  An ooze (D:1)
  2 dart slugs
  2 worms (D:2)
  3 leopard geckos
  6 orcs
  A ball python (D:1)
  2 giant cockroaches (D:1)
  15 goblins
  7 hobgoblins
  4 jackals (D:1)
  10 kobolds
  3 quokkas
  7 bats
  7 frilled lizards
  7 rats
81 creatures vanquished.

Notes
Turn   | Place    | Note
-------+----------+-------------------------------------------
     0 | D:1      | nubinia the Merfolk Venom Mage began the quest for the Orb.
     0 | D:1      | Reached XP level 1. HP: 13/13 MP: 3/3
   336 | D:1      | Reached XP level 2. HP: 19/19 MP: 0/5
   384 | D:1      | Learned a level 2 spell: Poisonous Vapours
   467 | D:1      | Reached skill level 1 in Conjurations
   859 | D:1      | Reached XP level 3. HP: 24/24 MP: 4/6
  1016 | D:2      | Learned a level 3 spell: Mephitic Cloud
  1024 | D:2      | Found a bloodstained altar of Trog.
  1114 | D:2      | Noticed Robin
  1152 | D:1      | Killed Robin
  1152 | D:1      | Reached skill level 4 in Poison Magic
  1605 | D:1      | Reached XP level 4. HP: 18/30 MP: 5/8
  2300 | D:2      | Found a burning altar of Makhleb.
  2360 | D:2      | Found an ornate altar of the Wu Jian Council.
  2453 | D:2      | Found a blossoming altar of Fedhas.
  2470 | D:2      | Noticed an oklob plant
  2622 | D:2      | Found a glowing silver altar of Zin.
  2742 | D:2      | Found a hide-covered altar of Uskayaw.
  2764 | D:2      | Reached skill level 1 in Polearms
  2764 | D:2      | Reached XP level 5. HP: 36/36 MP: 6/9
  3460 | D:3      | Slain by an orc wizard

Vault maps used:
D:1:      dpeg_arrival_shrine
D:2:      nicolae_overflow_crystal_walls, nicolae_overflow_quartered_altars,
          grunt_ministairs_11, tgw_fedhas, uniq_robin
D:3:      gammafunk_temple_overflow_elements, minmay_cupped

Skill      XL: |  1  2  3  4  5 |
---------------+----------------+-----
Dodging        | 3 |  3.2
Conjurations   | 1 |  1.4
Poison Magic   | 4 |  4.2
Polearms       | 1 |  1.5
Spellcasting   | 3 |  3.1
Fighting       | |  0.9
Stealth        | |  2.3
Unarmed Combat | |  0.2
Air Magic      | |  0.7

Action                   |  1- 3 |  4- 6 || total
-------------------------+-------+-------++-------
Melee: Unarmed           |     8 |       ||     8
       Spear             |    24 |    87 ||   111
       Punch             |       |     1 ||     1
 Cast: Sting             |    79 |    51 ||   130
       Poisonous Vapours |     2 |     4 ||     6
       Mephitic Cloud    |       |     1 ||     1
  Use: Scroll            |     2 |     5 ||     7
       Potion            |       |     1 ||     1
 Stab: Sleeping          |     1 |     2 ||     3
  Eat: Chunk             |     3 |     7 ||    10
Armor: Robe              |    14 |     6 ||    20
Dodge: Dodged            |    62 |    54 ||   116
